 Dungeon Crawl Stone Soup version 0.32-a0-558-g233958a4c4 (webtiles) character file.

Game seed: 16135945292446672723

33 Goblin1989 the Sneak (level 3, 0/29 HPs)
             Began as a Demonspawn Delver on Mar 2, 2024.
             Was an Initiate of Qazlal.
             Incinerated by a bombardier beetle (3 damage)
             ... with a burning spray
             ... on level 5 of the Dungeon.
             The game lasted 00:01:30 (73 turns).

Goblin1989 the Sneak (Demonspawn Delver)              Turns: 73, Time: 00:01:30

Health: 0/29       AC:  3    Str: 14    XL:     3   Next: 12%
Magic:  3/3        EV: 11    Int: 10    God:    Qazlal [......]
Gold:   0          SH:  0    Dex: 14    Spells: 2/2 levels left

rFire   . . .        a - +0 mace
rCold   . . .        (no shield)
rNeg    . . .        b - +0 leather armour
rPois   .            (no helmet)
rElec   .            (no cloak)
rCorr   .            (no gloves)
SInv    .            (no boots)
Will    .....        (no amulet)
Stlth   +            (no ring)
HPRegen 0.24/turn    (no ring)
MPRegen 0.08/turn

%: no passive effects
@: on fire, hasted, glowing, very quick
A: foul stench 2
a: Renounce Religion


You were on level 5 of the Dungeon.
You worshipped Qazlal.
Qazlal was noncommittal.
You visited 1 branch of the dungeon, and saw 1 of its levels.

Inventory:

Hand Weapons
 a - a +0 mace (weapon)
Armour
 b - a +0 leather armour (worn)
Wands
 g - a wand of digging (2) {@v3}
Scrolls
 c - a scroll of fog


   Skills:
 - Level 3.0 Fighting
 + Level 3.3 Maces & Flails
 - Level 1.7 Dodging
 - Level 4.5 Stealth


You had 2 spell levels left.
You didn't know any spells.
Your spell library was empty.

Dungeon Overview and Level Annotations

Branches:
Dungeon (5/15) Zot: 5928   Temple (0/1) D:5

Altars:
Qazlal
Xom


Innate Abilities, Weirdness & Mutations

You sometimes emit foul miasma when damaged in melee.


Message History

Bad monster_list_colour key: strict_neutral Options error: Unknown explore stop condition 'gates' (Goblin1989.rc:83) Welcome, Goblin1989 the Demonspawn Delver.
A smirking vizier told you that the Orb of Zot is just within this dungeon.
Press ? for a list of commands and other information.
Found a stone staircase leading down.
You open the door.
Found a stone staircase leading down.
There is an open door here.
Found a scroll labelled AROARAEQOF.
A gnoll comes into view. It is wielding a +0 flail.
Found a scroll of revelation.
As you read the scroll of revelation, it crumbles to dust.
You feel aware of your surroundings.
You sensed 3 altars.
A gnoll comes into view. It is wielding a +0 spear.
Unknown command.
Aiming: Dig
Press: ? - help, Shift-Dir - straight line A rock wall.
The rock shatters into small pieces.
Found a stone staircase leading up.
A bombardier beetle comes into view.
Found a scroll labelled SOAMOR DOOFOE.
Found a stone staircase leading up.
There is a stone staircase leading up here.
As you read the scroll of fear, it crumbles to dust.
You assume a fearsome visage.
The bombardier beetle looks frightened!
You open the door.
Unknown command.
There is an open door here.
You open the door.
Found a white marble altar of Elyvilon.
You open the door.
Found a shimmering altar of Xom.
You open the door.
Found a stormy altar of Qazlal.
There is an open door here.
There is a stormy altar of Qazlal here.
You kneel at the altar of Qazlal.
Qazlal welcomes you!
Qazlal grants you and your divine allies immunity to clouds.
There is an open door here.
There is an open door here.
The bombardier beetle sprays incendiary fluid at you.
The burning spray hits you.
You are covered in liquid fire!
You shake off some of the fire as you move.
The liquid fire burns you!
There is an open door here.
You take 5 damage, and have 13/18 hp.
MASSIVE DAMAGE!!
You shake off some of the fire as you move.
The liquid fire burns you!
You take 4 damage, and have 9/18 hp.
MASSIVE DAMAGE!!
You feel yourself speed up. The liquid fire burns you!
* * * LOW HITPOINT WARNING * * *
You take 4 damage, and have 5/18 hp.
MASSIVE DAMAGE!!
You shake off the liquid fire.
There is an open door here.
There is an open door here.
The bombardier beetle barely misses you.
You barely miss the bombardier beetle. You hit the bombardier beetle.
The bombardier beetle is lightly wounded.
The bombardier beetle barely misses you.
You hit the bombardier beetle.
The bombardier beetle is heavily wounded.
You hit the bombardier beetle.
The bombardier beetle is severely wounded.
The bombardier beetle sprays incendiary fluid at you.
The burning spray hits you.
You are covered in liquid fire!
You hit the bombardier beetle.
You kill the bombardier beetle!
Qazlal accepts your kill. The liquid fire burns you!
* * * LOW HITPOINT WARNING * * *
Your Maces & Flails skill gained 2 levels and is now at level 3!
You have reached level 2!
Your demonic ancestry asserts itself...
You begin to emit a foul stench of rot and decay.
You have reached level 3!
Your experience leads to an increase in your attributes!
Increase (s)trength, (i)ntelligence, or (d)exterity?
You feel stronger. x2; Your demonic ancestry asserts itself...
Your foul stench grows more powerful.
You take 4 damage, and have 3/29 hp.
MP restored: 3 Unknown command.
You shake off some of the fire as you move.
The liquid fire burns you!
You die...

▓·······█.....·..··.·▓·········
▓▓▓·······█....█▓?█▓.█···········
·······█▲██....██.██<██▓▓▓▓▓▓▓▓▓▓
·······█.....B........█ ▓·
·······█..............█ ▓·
.......▲.......<......█ ▓·
.......█.......█.....██ ▓▓▓▓▓▓▓
g......█.......█.█...█▓ ▓·····▓
.......█......██@██...█ ▓······
██....?█.....██...█▓..█ ▓······
██.....█....████∆████.█ ▓······
██.....█...██.█...█.███ ▓······
██.....█..██⌂.∆.ß.∆.⌂█ ▓······
██.....█...██.█...█.██▓ ▓······
.█.....█....████∆████·▓ ▓·····▓
.█.....█.....██...█▓··▓ ▓▓▓▓▲▓▓
.█....>█......██⌂██···▓ ▓·····▓


There were no monsters in sight!

Vanquished Creatures
  A bombardier beetle (D:5)
1 creature vanquished.

Notes
Turn   | Place    | Note
-------+----------+-------------------------------------------
     0 | D:5      | Goblin1989 the Demonspawn Delver began the quest for the
                  | Orb.
     0 | D:5      | Reached XP level 1. HP: 18/18 MP: 1/1
    32 | D:5      | Noticed a bombardier beetle
    47 | D:5      | Found a shimmering altar of Xom.
    49 | D:5      | Found a stormy altar of Qazlal.
    53 | D:5      | Became a worshipper of Qazlal Stormbringer
    72 | D:5      | Killed a bombardier beetle
    73 | D:5      | Gained mutation: You may rarely emit foul miasma when
                  | damaged in melee. [demonic ancestry]
    73 | D:5      | Reached XP level 2. HP: 3/24 MP: 2/2
    73 | D:5      | Gained mutation: You sometimes emit foul miasma when
                  | damaged in melee. [demonic ancestry]
    73 | D:5      | Reached XP level 3. HP: 3/29 MP: 3/3
    73 | D:5      | Incinerated by a bombardier beetle

Illustrated notes

Levels and vault maps discovered:
D:5:      layout_gridville, grunt_temple_overflow_diamond,
          minmay_temple_entry_grid, minmay_joined_circles

Skill      XL: |  1 |
---------------+----+-----
Maces & Flails | 3 |  3.3
Fighting       | |  3.0
Dodging        | |  1.7
Stealth        | |  4.5

Action                     || total
---------------------------++-------
  Melee: Mace              ||     5
  Evoke: Wand              ||     1
    Use: Scroll            ||     2
         Potion            ||     1
  Dodge: Dodged            ||     2

Table legend: (Time is in decaauts)
 A = Elapsed time spent in this place.
 B = Non-inter-level travel time spent in this place.
 C = Inter-level travel time spent in this place.
 D = Time resting spent in this place.
 E = Time spent auto-exploring this place.
 F = Levels seen in this place.
 G = Mean time per level.
                   A        B        C        D        E       F      G
               +--------+--------+--------+--------+--------+-----+--------+
         Total |     71 |     71 |      0 |      0 |      0 |   1 |   71.0 |
       Dungeon |     71 |     71 |      0 |      0 |      0 |   1 |   71.0 |
               +--------+--------+--------+--------+--------+-----+--------+

Top non-repeatable levels by time:
     D:5: 71 daAuts
